 Dungeon Crawl Stone Soup version 0.30.1-4-g462c640d31 (webtiles) character file.

Game seed: 14406786498320669271

197048 Gabide the Warrior (level 17, -17/157 HPs)
             Began as a Mummy Monk on Aug 19, 2023.
             Was a High Priest of Ru.
             Killed from afar by a shock serpent (22 damage)
             ... with a bolt of electricity
             ... on level 2 of the Snake Pit.
             The game lasted 01:36:21 (42881 turns).

Gabide the Warrior (Mummy Monk)                    Turns: 42881, Time: 01:36:22

Health: -17/157    AC: 16    Str: 32    XL:     17   Next: 76%
Magic:  12/17      EV: 20    Int:  9    God:    Ru [*****.]
Gold:   2342       SH:  5    Dex: 15    Spells: 16/16 levels left

rFire   . . .        b - +5 demon whip (venom)
rCold   + . .        (shield unavailable)
rNeg    + + +        A - +2 robe {Will+}
rPois   ∞            n - +2 helmet
rElec   .            w - +2 cloak
rCorr   .            i - +2 pair of gloves
SInv    .            r - +2 pair of boots
Will    +++..        x - amulet "Tudd" {Reflect Str+4 Slay+2 SH+5}
Stlth   +            (ring unavailable)
HPRegen 0.46/turn    f - ring of Scepticism {rF+ rN+ Str+6}
MPRegen 0.15/turn

%: reflection, faith
@: exhausted, unable to read
A: cold resistance 1, negative energy resistance 3, torment resistance 2, heat
vulnerability 1, inability to read after injury 2, missing a hand, in touch with
death 2, missing an eye, no potions, faith
}: 1/15 runes: decaying
a: Renounce Religion, Draw Out Power, Power Leap, Apocalypse


You were on level 2 of the Snake Pit.
You worshipped Ru.
Ru was extremely pleased with you.
You visited 6 branches of the dungeon, and saw 30 of its levels.
You also visited: Ice Cave.

You collected 5689 gold pieces.
You spent 3347 gold pieces at shops.

Inventory:

Hand Weapons
 a - a +5 flail of protection
 b - a +5 demon whip of venom (weapon)
 m - a +2 dagger of distortion
Missiles
 c - 4 curare-tipped darts
 k - 18 boomerangs (quivered)
 u - 3 throwing nets
Armour
 i - a +2 pair of gloves (worn)
 n - a +2 helmet (worn)
 r - a +2 pair of boots (worn)
 w - a +2 cloak (worn)
 A - a +2 robe of willpower (worn)
Jewellery
 d - the amulet "Kitseitom" {Acrobat Slay+2 SInv}
   (You acquired it on level 9 of the Dungeon)

   [amulet of the acrobat]

   It increases your evasion while moving and waiting.
   Slay:      It affects your accuracy & damage with ranged weapons and melee
   (+2).
   SInv:      It lets you see invisible.
 f - the ring of Scepticism (right hand) {rF+ rN+ Str+6}
   (You found it on level 5 of the Lair of Beasts)

   [ring of strength]

   Str:       It affects your strength (+6).
   rF:        It protects you from fire.
   rN:        It protects you from negative energy.
 j - a ring of resist corrosion
 x - the amulet "Tudd" (around neck) {Reflect Str+4 Slay+2 SH+5}
   (You found it in an ice cave)

   [amulet of reflection]

   It reflects blocked missile attacks.
   Str:       It affects your strength (+4).
   Slay:      It affects your accuracy & damage with ranged weapons and melee
   (+2).
   SH:        It affects your SH (+5).
Wands
 l - a wand of charming (46)
 q - a wand of mindburst (10)
 s - a wand of flame (47)
 v - a wand of roots (34)
 D - a wand of digging (20)
 E - a wand of quicksilver (3)
Scrolls
 e - 8 scrolls of fog
 g - 3 scrolls of silence
 h - 4 scrolls of magic mapping
 p - 17 scrolls of teleportation
 t - 4 scrolls of immolation
 y - 5 scrolls of blinking
 z - 3 scrolls of vulnerability
 B - 20 scrolls of identify
 C - 3 scrolls of fear
 F - 5 scrolls of poison
Miscellaneous
 J - a phantom mirror (inert)


   Skills:
 + Level 20.6 Fighting
 - Level 18.0 Maces & Flails
 - Level 15.0 Dodging


You had 16 spell levels left.
You didn't know any spells.
Your spell library contained the following spells:

 Spells                   Type           Power      Damage    Failure   Level
 Kiss of Death            Conj/Necr      0%         2d5       38%         1
 Necrotise                Necr           0%         1d4       38%         1
 Sting                    Tmut/Pois      0%         1d3       38%         1
 Blink                    Tloc           0%         N/A       52%         2
 Ensorcelled Hibernation  Hex/Ice        0%         N/A       52%         2
 Lesser Beckoning         Tloc           0%         N/A       52%         2
 Momentum Strike          Conj/Tloc      0%         3d8       52%         2
 Passwall                 Tmut/Erth      0%         N/A       52%         2
 Poisonous Vapours        Pois/Air       0%         N/A       52%         2
 Confusing Touch          Hex            0%         N/A       77%         3
 Dazzling Flash           Conj/Hex       0%         N/A       77%         3
 Gell's Gravitas          Tloc           0%         N/A       77%         3
 Hailstorm                Conj/Ice       0%         3d3       77%         3
 Swiftness                Air            0%         N/A       77%         3
 Teleport Other           Tloc           0%         N/A       77%         3
 Vampiric Draining        Necr           0%         2d6       77%         3
 Volatile Blastmotes      Fire/Tloc      0%         2d10      77%         3
 Dispel Undead            Necr           0%         3d6       99%         4
 Iskenderun's Mystic Bla  Conj/Tloc      0%         2d3       99%         4
 Leda's Liquefaction      Hex/Erth       0%         N/A       99%         4
 Olgreb's Toxic Radiance  Pois           0%         N/A       99%         4
 Agony                    Necr           0%         N/A       100%        5
 Alistair's Intoxication  Tmut/Pois      0%         N/A       100%        5
 Borgnjor's Vile Clutch   Necr/Erth      0%         N/A       100%        5
 Iskenderun's Battlesphe  Conj           0%         2d6       100%        5
 Lee's Rapid Deconstruct  Erth           0%         3d4*      100%        5
 Eringya's Noxious Bog    Tmut/Pois      0%         N/A       100%        6
 Iron Shot                Conj/Erth      0%         9d1       100%        6
 Simulacrum               Ice/Necr       0%         N/A       100%        6
 Starburst                Conj/Fire      0%         6d3       100%        6
 Spellforged Servitor     Conj/Summ      0%         N/A       100%        7
 Ice Form                 Ice/Tmut       Unusable   N/A       N/A         4
 Statue Form              Tmut/Erth      Unusable   N/A       N/A         6

Dungeon Overview and Level Annotations

Branches:
Dungeon (15/15)            Temple (1/1) D:7            Lair (5/5) D:9
  Swamp (4/4) Lair:2        Snake (3/4) Lair:2        Slime (0/5) Lair:4
    Orc (2/2) D:9             Elf (0/3) Orc:2        Vaults (0/5) D:13
 Depths (0/4) D:15          IceCv (visited)

Altars:
Ashenzari
Cheibriados
Dithmenos
Fedhas
Gozag
Hepliaklqana
Kikubaaqudgha
Makhleb
Nemelex Xobeh
Okawaru
Qazlal
Ru
Sif Muna
Trog
Uskayaw
Vehumet
Wu Jian
Xom
Yredelemnul
Jiyva

Shops:
D:4 [   D:8 (:   D:9 =(?[?   D:12 [   D:13 ?   Orc:2 ?[=[   Snake:1 (

Annotations:
D:13 exclusion: ice statue
Lair:4 exclusion: 2 oklob plants


Innate Abilities, Weirdness & Mutations

You are immune to poison.
Your flesh is cold resistant. (rC+)
You are immune to negative energy. (rN+++)
You are immune to unholy pain and torment.
You are vulnerable to heat. (rF-)
You sometimes lose the ability to read scrolls when taking damage.
You are missing a hand.
You are strongly in touch with the powers of death.
You are missing an eye, making it more difficult to aim.
You do not drink.
You have a special connection with the divine. (Faith)


Message History

The anaconda constricts you.
* * * LOW HITPOINT WARNING * * *
Your anaconda bites the anaconda but does no damage.
Your anaconda constricts the anaconda.
Unknown command.
Throw: 5 throwing nets
Press: ? - help, Shift-Dir - straight line, f - shock serpent, p - anaconda
Aim: a shock serpent (heavily wounded, very poisoned, 44% to hit)
You throw a throwing net.
The throwing net barely misses the shock serpent.
The anaconda closely misses you. The anaconda constricts you.
* * * LOW HITPOINT WARNING * * *
You focus your inner power and blind the anaconda in retribution!
Your anaconda bites the anaconda!
Your anaconda constricts the anaconda.
The shock serpent is stunned by your conviction and fails to attack.
You block the anaconda's attack. The anaconda constricts you.
Your anaconda bites the anaconda but does no damage.
Your anaconda constricts the anaconda.
The shock serpent begins to attack, but is stunned by your conviction!
Throw: 4 throwing nets
Press: ? - help, Shift-Dir - straight line, f/p - shock serpent
Aim: a shock serpent (severely wounded, very poisoned, 44% to hit)
You throw a throwing net.
The throwing net completely misses the shock serpent.
The anaconda barely misses you. The anaconda constricts you.
* * * LOW HITPOINT WARNING * * *
Your anaconda bites the anaconda.
Your anaconda constricts the anaconda.
The shock serpent bites you.
* * * LOW HITPOINT WARNING * * *
The shock serpent shocks you!
You feel threatened and lose the ability to read scrolls!
* * * LOW HITPOINT WARNING * * *
You focus your inner power and illuminate the shock serpent in retribution!
The anaconda struggles to escape constriction.
The anaconda constricts you.
Your anaconda bites the anaconda!
Your anaconda constricts the anaconda.
You escape the anaconda's grasp.
The shock serpent shoots out a bolt of lightning at you!
The bolt of electricity hits you!!
You die...

.##......##.......#.#
..#.##...##..(....#.#
#...###.##........#.#
#....##..#........###
#.....#...#.......#
#....##...#.......###
#....##...#.........#
#...##....#.........#
...###..........@...#
....#...###..##.S>S(#
#......###...###S.###
#......##...###..##
#....###...##...##
....###...#....##
#..#.#..##....##
..####..#....##
....#.......##


You could see an anaconda (blind, poisoned, ally target), a shock serpent (very
poisoned, corona) and a friendly anaconda (summoned, poisoned, drained).

Vanquished Creatures
  A tentacled monstrosity (Swamp:4)
  Frances (D:12)
  Gastronok (Lair:3)
  A fenstrider witch (Swamp:4)
  An orc warlord (D:9)
  3 very ugly things
  A bunyip (Swamp:1)
  6 eleionomae
  2 green draconians (Swamp:2)
  A white draconian (IceCv)
  A minotaur (Lair:1)
  The ghost of Wyoq the Protected, a journeyman AtFi of Nemelex Xobeh (Lair:3)
  2 green deaths (Swamp:4)
  Josephine (D:11)
  Harold (D:10)
  A great orb of eyes (shapeshifter) (D:15)
  15 hydras
  An ice dragon (D:13)
  A spriggan air mage (Swamp:3)
  4 ogre magi
  Erolcha (Orc:2)
  7 centaur warriors
  A merfolk avatar (Lair:5)
  6 boulder beetles
  A ghost crab (Swamp:2)
  Erica (D:8)
  16 alligators
  5 anacondas
  5 naga warriors
  A tengu warrior (D:14)
  9 death yaks
  10 two-headed ogres
  Urug (Lair:2)
  2 shock serpents (Snake:2)
  2 orc high priests (Orc:1)
  2 spriggan berserkers
  A thrashing horror (Swamp:4)
  A deep elf knight (D:13)
  3 naga sharpshooters (Snake:2)
  Amaemon (Lair:1)
  A salamander mystic (Snake:2)
  4 goliath frogs
  4 skeletal warriors (D:13)
  2 skysharks
  The ghost of jaiteiro the Destroyer, a novice DrCj of Vehumet (Lair:1)
  6 bog bodies
  2 glowing orange brains
  4 spriggan druids
  2 naga ritualists (Snake:1)
  8 swamp dragons
  A deep elf zephyrmancer (D:13)
  A harpy (Lair:4)
  2 orc knights
  10 orc sorcerers
  10 ugly things
  2 deep elf pyromancers
  A lindwurm (Lair:3)
  2 manticores
  3 will-o-the-wisps
  7 mana vipers
  9 cyclopes
  4 salamanders (Snake:2)
  A wolf spider (D:15)
  3 oklob plants (Lair:4)
  Joseph (D:7)
  2 ice statues (IceCv)
  5 naga magi
  A guardian serpent (Snake:1)
  16 elephants
  14 black mambas
  4 orange demons
  A black mamba (shapeshifter) (D:15)
  A torpor snail (Lair:2)
  8 rime drakes
  6 cane toads
  A rime drake (shapeshifter) (D:13)
  3 unseen horrors
  Maggie (D:10)
  A cane toad (shapeshifter) (D:12)
  9 komodo dragons
  4 yaktaurs (D:13)
  A tengu conjurer (D:14)
  2 efreet
  Psyche (D:8)
  3 meliai (D:15)
  10 trolls
  5 polar bears
  6 tyrant leeches
  17 hornets
  4 snapping turtles (Lair:5)
  34 blink frogs
  Prince Ribbit (Lair:1)
  A dream sheep (Lair:1)
  26 slime creatures
  A vampire (D:12)
  Sigmund (D:2)
  2 shadows (Swamp:4)
  6 wyverns
  58 yaks
  6 wraiths
  32 spriggans
  Grum (D:8)
  4 steam dragons
  2 vampire mosquitoes (D:13)
  12 nagas
  8 wargs
  Edmund (D:4)
  9 swamp worms
  A large abomination (Swamp:4)
  An acid dragon (D:10)
  13 water moccasins
  2 swamp drakes
  A black bear (Lair:2)
  5 ice beasts
  11 orc warriors
  2 sky beasts
  9 ogres
  19 wolves
  15 centaurs
  3 phantoms
  2 kobold brigands
  Blork the orc (D:4)
  14 bullfrogs
  3 earth elementals
  4 scorpions
  3 gnoll sergeants
  10 wights
  A lindwurm simulacrum (IceCv)
  12 killer bees
  5 howler monkeys
  7 electric eels
  2 komodo dragon simulacra (IceCv)
  2 hounds (D:5)
  A gnoll bouda (D:10)
  5 jellies
  12 orc priests
  Ijyb (D:4)
  2 iguanas
  A sleepcap (D:4)
  40 orc wizards
  Robin (D:3)
  17 gnolls
  11 acid dragon simulacra (IceCv)
  8 adders
  4 white imps (D:13)
  An ufetubus (D:5)
  7 steam dragon simulacra (IceCv)
  A worm (D:4)
  2 dart slugs
  82 orcs
  6 bats
  5 endoplasms
  2 giant cockroaches
  14 goblins
  7 hobgoblins
  17 kobolds
  2 quokkas
  3 ball pythons
  4 frilled lizards
  3 rats
951 creatures vanquished.

Vanquished Creatures (collateral kills)
  A spriggan berserker (Swamp:3)
  A spriggan (Swamp:3)
2 creatures vanquished.

Vanquished Creatures (others)
  An eleionoma (Swamp:4)
  An ogre mage (D:15)
  A hydra (Swamp:4)
  2 alligators (Swamp:3)
  A spriggan druid (Swamp:2)
  A swamp dragon (Swamp:2)
  A bog body (Lair:2)
  An ugly thing (Swamp:4)
  A salamander (Snake:2)
  A cyclops (D:14)
  A cane toad (Lair:1)
  5 bloated husks
  2 yaks
  An acid dragon (D:8)
  An orc warrior (Orc:1)
  A wight (D:7)
  A hound (D:4)
  An orc wizard (D:10)
  A gnoll (D:10)
  4 orcs
  2 kobolds (D:9)
  4 foxfires (Swamp:2)
35 creatures vanquished.

Grand Total: 988 creatures vanquished

Notes
Turn   | Place    | Note
-------+----------+-------------------------------------------
     0 | D:1      | Gabide the Mummy Monk began the quest for the Orb.
     0 | D:1      | Reached XP level 1. HP: 18/18 MP: 1/1
   228 | D:1      | Reached XP level 2. HP: 23/24 MP: 2/2
   934 | D:2      | Gained mutation: You are in touch with the powers of death.
                  | [Mummy growth]
   934 | D:2      | Reached XP level 3. HP: 23/29 MP: 3/3
   976 | D:2      | Noticed Sigmund
   986 | D:2      | Killed Sigmund
   987 | D:2      | Reached skill level 4 in Fighting
   987 | D:2      | Reached XP level 4. HP: 35/38 MP: 4/4
   987 | D:2      | Reached XP level 5. HP: 39/43 MP: 5/5
  1087 | D:2      | Found a shadowy altar of Dithmenos.
  1333 | D:3      | Noticed Robin
  1346 | D:3      | Killed Robin
  1812 | D:4      | Reached XP level 6. HP: 50/50 MP: 6/6
  1902 | D:4      | Noticed Blork the orc
  1913 | D:4      | Killed Blork the orc
  1914 | D:4      | Reached skill level 5 in Fighting
  2048 | D:4      | Noticed Edmund
  2076 | D:4      | Killed Edmund
  2077 | D:4      | Reached XP level 7. HP: 19/57 MP: 3/7
  2219 | D:4      | Found Deirchys's Antique Armour Shoppe.
  2314 | D:4      | Noticed Ijyb
  2335 | D:4      | Killed Ijyb
  2990 | D:5      | Entered Level 5 of the Dungeon
  2998 | D:5      | Reached skill level 6 in Fighting
  2998 | D:5      | Reached skill level 5 in Maces & Flails
  3175 | D:5      | Found a hazy altar of Hepliaklqana.
  3187 | D:5      | Reached XP level 8. HP: 64/65 MP: 8/8
  3420 | D:5      | Reached skill level 7 in Fighting
  3543 | D:4      | Bought a crude ring mail for 270 gold pieces
  3543 | D:4      | Identified the +0 ring mail "Miko Yfymo" {rF- Regen+ Int+8
                  | Dex-4} (You bought it in a shop on level 4 of the Dungeon)
  4248 | D:6      | Reached skill level 8 in Fighting
  4248 | D:6      | Reached skill level 5 in Dodging
  4509 | D:6      | Reached XP level 9. HP: 61/74 MP: 4/9
  4607 | D:7      | Noticed Joseph
  4628 | D:7      | Killed Joseph
  4720 | D:7      | Reached skill level 9 in Fighting
  4749 | D:7      | Found a staircase to the Ecumenical Temple.
  4755 | Temple   | Entered the Ecumenical Temple
  4810 | Temple   | Became a worshipper of Ru the Awakened
  4821 | Temple   | Gained mutation: You occasionally lose the ability to read
                  | scrolls when taking damage. [Ru sacrifice]
  4821 | Temple   | Gained mutation: You sometimes lose the ability to read
                  | scrolls when taking damage. [Ru sacrifice]
  4821 | Temple   | Reached * piety under Ru
  4821 | Temple   | Reached ** piety under Ru
  5421 | D:8      | Noticed Psyche
  5440 | D:8      | Killed Psyche
  5441 | D:8      | Reached XP level 10. HP: 80/83 MP: 8/10
  5478 | D:8      | Noticed Grum
  5503 | D:8      | Killed Grum
  5627 | D:8      | Found Oqaveip's Self-Improvement Boutique.
  5642 | D:8      | Noticed Erica
  5665 | D:8      | Killed Erica
  5833 | D:8      | Found a sparkling altar of Nemelex Xobeh.
  6041 | D:8      | Found Gatzuppux's Weapon Boutique.
  6220 | D:9      | Found Poewoviq's Jewellery Shoppe.
  6246 | D:8      | Reached skill level 10 in Fighting
  6373 | D:9      | Gained mutation: You are missing an eye, making it more
                  | difficult to aim. [Ru sacrifice]
  6373 | D:9      | Reached *** piety under Ru
  6414 | D:9      | Reached skill level 10 in Maces & Flails
  6469 | D:9      | Found a staircase to the Lair.
  6488 | D:9      | Found a bloodstained altar of Trog.
  6508 | D:9      | Found a blossoming altar of Fedhas.
  6528 | D:9      | Found Hoclaj's Magic Scroll Shoppe.
  6945 | D:9      | Found a staircase to the Orcish Mines.
  6964 | D:9      | Found Joogaam's Magic Scroll Shoppe.
  7043 | D:9      | Found Mimoidac's Antique Weapon Emporium.
  7388 | D:9      | Bought a ring of protection from fire for 375 gold pieces
  7485 | D:9      | Found Neopoam's Armour Shop.
  7651 | D:10     | Entered Level 10 of the Dungeon
  7658 | D:10     | Found a broken altar of Ashenzari.
  7677 | D:10     | Reached XP level 11. HP: 92/92 MP: 3/11
  7758 | D:10     | Noticed a two-headed ogre
  7772 | D:10     | Killed a two-headed ogre
  8110 | D:10     | Found a stormy altar of Qazlal.
  8225 | D:10     | Identified the +6 trident "Cedush" {flame, rElec SInv}
  8374 | D:10     | Gained mutation: You are missing a hand. [Ru sacrifice]
  8374 | D:10     | Reached **** piety under Ru
  8374 | D:10     | Reached ***** piety under Ru
  8495 | D:10     | Noticed Harold
  8516 | D:10     | Killed Harold
  8517 | D:10     | Reached skill level 11 in Fighting
  8565 | D:10     | Noticed a two-headed ogre
  8608 | D:10     | Killed a two-headed ogre
  8864 | D:10     | Noticed Maggie
  8876 | D:10     | Killed Maggie
  8977 | D:10     | Found a shimmering altar of Xom.
  8980 | D:10     | Found a shimmering altar of Xom.
  8984 | D:10     | Found a shimmering altar of Xom.
  8985 | D:10     | Found a shimmering altar of Xom.
  9626 | D:11     | Noticed Josephine
  9634 | D:11     | Killed Josephine
  9638 | D:11     | Reached skill level 12 in Fighting
 10145 | D:11     | Noticed a two-headed ogre
 10164 | D:11     | Killed a two-headed ogre
 10400 | D:11     | Noticed a boulder beetle
 10402 | D:11     | Noticed a centaur warrior
 10405 | D:11     | Killed a centaur warrior
 10406 | D:11     | Reached XP level 12. HP: 87/94 MP: 3/12
 10412 | D:11     | Killed a boulder beetle
 10532 | D:11     | Noticed a boulder beetle
 10579 | D:11     | Killed a boulder beetle
 11711 | D:12     | Noticed a boulder beetle
 11711 | D:12     | Noticed a boulder beetle
 11712 | D:12     | Noticed a two-headed ogre
 11716 | D:12     | Killed a two-headed ogre
 11726 | D:12     | Killed a boulder beetle
 11752 | D:12     | Killed a boulder beetle
 11753 | D:12     | Reached skill level 13 in Fighting
 12101 | D:11     | HP: 2/103 [slime creature (12)]
 12837 | D:12     | Found Teyl's Armour Shoppe.
 12943 | D:12     | Noticed Frances
 12954 | D:12     | Killed Frances
 13554 | Lair:1   | Entered Level 1 of the Lair of Beasts
 13554 | Lair:1   | Found a runed translucent gate.
 13554 | Lair:1   | Found a runed translucent gate.
 13554 | Lair:1   | Found a runed translucent gate.
 13556 | Lair:1   | Noticed a minotaur
 13556 | Lair:1   | Noticed jaiteiro's ghost (novice DrCj)
 13571 | Lair:1   | Killed a minotaur
 13581 | Lair:1   | Killed jaiteiro's ghost
 13753 | Lair:1   | Gained mutation: You are strongly in touch with the powers
                  | of death. [Mummy growth]
 13753 | Lair:1   | Reached XP level 13. HP: 89/112 MP: 8/13
 14619 | Lair:2   | Found a staircase to the Swamp.
 14639 | Lair:2   | Reached skill level 14 in Fighting
 14963 | Lair:2   | Noticed Amaemon
 14972 | Lair:2   | Noticed Prince Ribbit
 15193 | Lair:1   | Killed Prince Ribbit
 15268 | Lair:1   | Killed Amaemon
 15451 | Lair:2   | Noticed Urug
 15469 | Lair:2   | Killed Urug
 15902 | Lair:2   | Found a staircase to the Snake Pit.
 16594 | D:9      | Bought an amulet of regeneration for 450 gold pieces
 16867 | Lair:1   | Reached skill level 15 in Fighting
 17633 | Lair:3   | Noticed Gastronok
 17640 | Lair:3   | Killed Gastronok
 18028 | Lair:3   | Found a runed translucent gate.
 18028 | Lair:3   | Found a runed translucent gate.
 18028 | Lair:3   | Found a runed translucent gate.
 18029 | Lair:3   | Noticed Wyoq's ghost (journeyman AtFi)
 18046 | Lair:3   | Found a viscous altar of Jiyva.
 18386 | Lair:3   | Killed Wyoq's ghost
 18390 | Lair:3   | Reached XP level 14. HP: 49/109 MP: 5/14
 19058 | Lair:4   | Reached skill level 15 in Maces & Flails
 19239 | Lair:4   | Found a staircase to the Slime Pits.
 19661 | Lair:5   | Entered Level 5 of the Lair of Beasts
 19753 | Lair:4   | Reached skill level 10 in Dodging
 21947 | Lair:5   | Identified the ring of Scepticism {rF+ rN+ Str+6}
 22596 | D:13     | Reached XP level 15. HP: 75/129 MP: 15/15
 22709 | D:13     | Identified a scroll of acquirement
 22718 | D:13     | Found Behapsia's Magic Scroll Shoppe.
 22721 | D:13     | Acquired a manual of Fighting
 23070 | D:13     | Reached skill level 16 in Fighting
 23263 | D:13     | Bought a scroll of acquirement for 572 gold pieces
 23263 | D:13     | Acquired 708 gold pieces
 23385 | D:9      | Bought a scroll of acquirement for 728 gold pieces
 23385 | D:9      | Acquired the amulet "Kitseitom" {Acrobat Slay+2 SInv}
 23523 | D:13     | Found a gate to the Vaults.
 25028 | D:15     | Entered Level 15 of the Dungeon
 25909 | D:15     | Reached skill level 17 in Fighting
 26144 | D:15     | Found a staircase to the Depths.
 27619 | Orc:1    | Entered Level 1 of the Orcish Mines
 28758 | Orc:2    | Entered Level 2 of the Orcish Mines
 29000 | Orc:2    | Found a staircase to the Elven Halls.
 29056 | Orc:2    | Found Typut's Jewellery Shoppe.
 29075 | Orc:2    | Found a radiant altar of Vehumet.
 29075 | Orc:2    | Noticed Erolcha
 29096 | Orc:2    | Killed Erolcha
 29097 | Orc:2    | Reached skill level 18 in Fighting
 29100 | Orc:2    | HP: 1/103 [barbs]
 29100 | Orc:2    | Paralysed by an ogre mage for 2 turns
 29389 | Orc:2    | Found a frozen archway.
 29429 | Orc:2    | Reached XP level 16. HP: 96/116 MP: 16/16
 29443 | IceCv    | Entered an ice cave
 30204 | IceCv    | Identified the amulet "Tudd" {Reflect Str+4 Slay+2 SH+5}
 30554 | Orc:2    | Found Zoleb's Antique Armour Shoppe.
 30563 | Orc:2    | Bought a transparent robe for 210 gold pieces
 30563 | Orc:2    | Identified the +0 robe of the Gastropod {rPois rF- MP+9
                  | Int+2} (You bought it in a shop on level 2 of the Orcish
                  | Mines)
 30563 | Orc:2    | Bought a cloak for 166 gold pieces
 30570 | Orc:2    | Found an ancient bone altar of Kikubaaqudgha.
 30620 | Orc:2    | Found Dosil's Antique Armour Emporium.
 30704 | Orc:2    | Found Fibin's Magic Scroll Emporium.
 30712 | Orc:2    | Bought 3 scrolls of enchant armour for 247 gold pieces
 30712 | Orc:2    | Bought a scroll of enchant weapon for 82 gold pieces
 31437 | D:13     | Bought 2 scrolls of enchant weapon for 165 gold pieces
 31437 | D:13     | Bought a scroll of magic mapping for 82 gold pieces
 31637 | Swamp:1  | Entered Level 1 of the Swamp
 34362 | Swamp:2  | You fall into a shaft and drop 1 floor!
 36630 | Swamp:4  | Entered Level 4 of the Swamp
 36899 | Swamp:4  | Identified the +0 robe of Cloud Cover {+Inv Str+4 Int-3
                  | Archmagi}
 37178 | Swamp:4  | Reached XP level 17. HP: 133/149 MP: 17/17
 37691 | Swamp:3  | Identified the +3 quarterstaff "Gaxutele" {freeze, Str+4
                  | Dex+2 SInv}
 38893 | Swamp:4  | Noticed a tentacled monstrosity
 38897 | Swamp:4  | Reached skill level 15 in Dodging
 38915 | Swamp:4  | Killed a tentacled monstrosity
 39879 | Swamp:4  | Got a decaying rune of Zot
 40036 | Snake:1  | Entered Level 1 of the Snake Pit
 40089 | Snake:1  | Reached skill level 19 in Fighting
 40856 | Snake:1  | Found Pottyedi's Antique Weapon Shoppe.
 41053 | Snake:1  | Acquired 899 gold pieces
 41089 | Snake:2  | Reached skill level 20 in Fighting
 42854 | Snake:3  | Found a hide-covered altar of Uskayaw.
 42880 | Snake:2  | HP: 5/157 [shock serpent (10)]
 42881 | Snake:2  | Killed from afar by a shock serpent

Illustrated notes

Levels and vault maps discovered:
D:1:      tarquinn_simple_flora_water_d, layout_basic
D:2:      layout_basic, basic_altar, uniq_sigmund
D:3:      layout_rooms, chequers_big_river, uniq_robin
D:4:      layout_basic, serial_shops, nicolae_shop_tiny_glass, hellmonk_no_cap,
          uniq_ijyb, uniq_edmund, uniq_blork_the_orc
D:5:      layout_cave_pools, nicolae_hepliaklqana_hazy_memory
D:6:      layout_rooms, nicolae_elyvilon_peaceful_grove, dreamdust_wishing_well,
          dreamdust_princess_bridge
D:7:      layout_rooms, minmay_temple_entry_statues, minmay_stone_trees_small,
          uniq_joseph
D:8:      layout_basic, mainiacjoe_overflow_alcove_2, serial_shops, shop,
          nicolae_shop_self_help, uniq_psyche, uniq_grum, uniq_erica
D:9:      layout_roguey, trog_three_pillars_becter,
          nicolae_overflow_crystal_walls, dpeg_oklobed_lair, orc_0_dummy,
          serial_shops, shop_statue, shop, nicolae_shop_advertising_works
          [nicolae_subvault_shop_adworks], shop, shop, serial_bayou,
          serial_bayou_lagoon_b, serial_bayou_ford_a, serial_bayou_lagoon_a,
          serial_bayou_pond_e
D:10:     kb_forest_paths, layout_loops_ring, nicolae_ashenzari_panopticon,
          xom_redecorated, kennysheep_little_box, kennysheep_mini,
          eino_small_chamber_without_monster, uniq_maggie, uniq_harold
D:11:     layout_grid_maze, solitary_fountain,
          amcnicky_mini_rare_corridor_liquid, uniq_josephine
D:12:     layout_basic, serial_shops, shop_fountains, uniq_frances
D:13:     layout_rooms, hangedman_vaults_entry_quadrant_bands, serial_shops,
          shop, ice2_lemuel
D:14:     layout_irregular_city, nicolae_hitomezashi [nicolae_hito_row,
          nicolae_hito_row, nicolae_hito_row, nicolae_hito_row,
          nicolae_hito_row, nicolae_hito_row, nicolae_hito_row,
          nicolae_hito_row, nicolae_hito_row, nicolae_hito_row,
          nicolae_hito_row, nicolae_hito_row, nicolae_hito_row,
          nicolae_hito_row, nicolae_hito_row, nicolae_hito_row,
          nicolae_hito_row, nicolae_hito_row]
D:15:     gammafunk_enter_depths_forms, layout_basic, serial_bayou,
          serial_bayou_pond_a, serial_bayou_pond_a, serial_bayou_pond_e,
          serial_bayou_pond_b
Temple:   dshaligram_water_room_temple
Lair:1:   layout_big_grid, maelrawn_ghost_gauntlet_escape
Lair:2:   layout_gridlike, skrybe_swamp_entry_bodies, dummy_snake_entry,
          grunt_megastairs_4, uniq_urug, uniq_amaemon, uniq_prince_ribbit2
Lair:3:   layout_misc_corridors, gammafunk_ghost_ooze, uniq_gastronok
Lair:4:   layout_cave_pods, slime_entry_1, dpeg_oklob_1, grunt_megastairs_5,
          lemuel_fruit_tree, lemuel_fruit_fields
Lair:5:   gammafunk_lair_ancient_temple, layout_misc_corridors,
          serial_bayou_shore_a
Swamp:1:  layout_basic_swamp, evilmike_swamp_ruin_rubble_2
Swamp:2:  layout_basic_swamp, serial_swamp_ruin, evilmike_swamp_ruin_rubble_1,
          evilmike_swamp_ruin_house_5, evilmike_swamp_ruin_house_1, swamp_pool2,
          hangedman_swamp_dais, infiniplex_staircase_pool
Swamp:3:  nicolae_swamp_secret_spriggan_hideout, layout_basic_swamp,
          nicolae_swamp_tree_isthmus, nzn_swamp_blast_mining
Swamp:4:  swamp_vile, layout_basic_swamp
Snake:1:  layout_onion, serial_shops, shop_statue
Snake:2:  layout_onion_interference
Snake:3:  layout_grid_shapes, basic_altar, st_stairs_14, nicolae_snake_boneroom
Orc:1:    layout_caves, basic_altar, kennysheep_orc_chapel
Orc:2:    kennysheep_orc_mage_school, layout_caves,
          portal_ice_cave_entry_animals_and_master, gauntlet_entry_generic

Skill      XL: |  1  2  3  4  5  6  7  8  9 10 11 12 13 14 15 16 17 |
---------------+----------------------------------------------------+-----
Fighting       | 4 5 6 8 9 10 12 13 15 18 20 | 20.6
Maces & Flails | 3 4 5 6 8 10 11 12 14 15 16 18 | 18.0
Dodging        | 3 4 5 6 7 8 9 12 14 15 | 15.0

Action                     |  1- 3 |  4- 6 |  7- 9 | 10-12 | 13-15 | 16-18 || total
---------------------------+-------+-------+-------+-------+-------+-------++-------
  Melee: Mace              |    54 |    68 |     1 |       |       |       ||   123
         Flail             |       |       |   304 |   841 |  2229 |   215 ||  3589
         Demon whip        |       |       |       |       |       |  1290 ||  1290
   Fire: Sling             |    12 |    45 |    77 |    93 |       |       ||   227
  Throw: Dart              |     2 |     2 |     1 |       |     2 |     1 ||     8
         Javelin           |       |     3 |       |     1 |    13 |       ||    17
         Throwing net      |       |       |       |     5 |     7 |     3 ||    15
         Boomerang         |       |       |       |       |    10 |    13 ||    23
 Invoke: Sacrifice Words   |       |       |     1 |       |       |       ||     1
         Sacrifice an Eye  |       |       |       |     1 |       |       ||     1
         Apocalypse        |       |       |       |     5 |    13 |     2 ||    20
         Draw Out Power    |       |       |       |     4 |     5 |     6 ||    15
         Sacrifice a Hand  |       |       |       |     1 |       |       ||     1
         Reject Sacrifices |       |       |       |     1 |     3 |     1 ||     5
         Power Leap        |       |       |       |     1 |     1 |     1 ||     3
  Evoke: Wand              |       |     2 |       |    14 |    21 |     2 ||    39
         Phantom mirror    |       |       |       |       |     1 |     2 ||     3
    Use: Scroll            |     2 |     5 |     7 |     8 |     7 |    12 ||    41
   Stab: Invisible         |     1 |       |       |     9 |    30 |    19 ||    59
         Distracted        |       |     3 |       |     3 |    10 |    13 ||    29
         Sleeping          |       |       |       |     1 |     1 |     2 ||     4
         Paralysed         |       |       |       |     8 |    34 |     1 ||    43
 Armour: Robe              |     2 |     3 |       |   223 |   699 |   286 ||  1213
         Ring mail         |    23 |       |   153 |   168 |       |       ||   344
         Scale mail        |       |    24 |    82 |       |       |       ||   106
  Dodge: Dodged            |    29 |    36 |   241 |   502 |  1734 |   689 ||  3231
  Block: Other             |       |       |       |       |       |   166 ||   166
         Reflection        |       |       |       |       |       |    13 ||    13
